Map: Lightshade LE

Players

Massa - Winner!

  • Race: Terran Terran
  • League: Platinum
  • Spawn Location: 5:00

stimk

  • Race: Zerg Zerg
  • League: Platinum
  • Spawn Location: 11:00

VOD

Have the link to the VOD?

Description

Time

  • Played on: Nov. 9, 2020, 10:36 a.m.
  • Length: 18:59
Show
View Real Time Build Order
Export as new Build Order

Massa Terran - Winner!

Build Orders:  

Get SALT Encoding   

  12  0:00  SCV  
  13  0:12  SCV  
  14  0:20  Supply Depot  
  14  0:25  SCV  
  15  0:42  SCV  
  16  0:44  Barracks  
  16  0:48  Refinery  
  16  0:54  SCV  
  17  1:06  SCV  
  18  1:18  SCV  
  19  1:30  SCV  
  19  1:32  Reaper  
  21  1:43  Orbital Command  
  21  1:55  Command Center  
  21  2:04  Marine  
  22  2:20  SCV  
  23  2:31  Barracks Reactor  
  23  2:37  Factory  
  23  2:42  Supply Depot  
  23  3:04  SCV  
  24  3:10  Marine x2  
  24  3:12  Barracks  
  26  3:16  SCV  
  27  3:21  Command Center  
  27  3:25  Orbital Command  
  27  3:27  Hellion  
  27  3:28  SCV, Marine x2  
  27  3:32  Starport  
  32  3:40  SCV  
  33  3:52  SCV  
  33  3:53  SCV  
  33  3:55  Factory Tech Lab, Marine x2  
  35  3:59  Barracks Tech Lab  
  37  4:04  SCV  
  37  4:05  SCV  
  39  4:13  Engineering Bay  
  39  4:14  Refinery  
  39  4:16  SCV, Medivac  
  43  4:17  SCV  
  43  4:29  Refinery, SCV x2  
  43  4:31  Marine  
  46  4:32  Marine  
  46  4:33  Refinery  
  46  4:36  Supply Depot  
  46  4:38  Orbital Command  
  47  4:41  SCV x2  
  49  4:46  Starport Tech Lab  
  49  4:50  Marine x2  
  51  4:53  SCV x2  
  51  4:54  Siege Tank  
  51  4:58  Supply Depot  
  56  5:05  SCV x2  
  56  5:06  SCV  
  59  5:11  Marine, Stimpack  
  60  5:17  SCV  
  60  5:18  SCV x2, Marine x2  
  65  5:26  Orbital Command  
  65  5:27  Widow Mine  
  67  5:29  Banshee  
  67  5:30  Marauder  
  72  5:42  SCV x2  
  74  5:54  SCV x2  
  76  5:57  Missile Turret  
  76  5:58  Missile Turret  
  76  6:00  Missile Turret  
  76  6:07  Supply Depot  
  76  6:08  Supply Depot  
  76  6:09  Terran Infantry Weapons Level 1  
  76  6:12  Armory  
  76  6:16  Marine  
  77  6:29  Banshee, Marauder, Marine, Siege Tank  
  77  6:30  Missile Turret  
  77  6:32  Supply Depot  
  86  6:33  Supply Depot  
  86  6:34  Marine  
  86  6:52  Missile Turret  
  86  6:56  Supply Depot  
  86  7:01  Siege Tank  
  85  7:12  Viking  
  87  7:20  SCV x3  
  90  7:32  SCV x3  
  90  7:33  Widow Mine  
  96  7:44  SCV x3  
  96  7:49  Medivac  
  100  8:26  SCV x3  
  103  8:28  Marauder  
  103  8:29  Marine x2  
  107  8:36  Barracks x3  
  107  8:38  SCV x3  
  110  8:45  Terran Infantry Armor Level 1, Factory  
  110  8:47  Marine x2  
  112  8:49  Engineering Bay  
  112  8:50  SCV, Marauder  
  112  8:51  Missile Turret  
  112  8:55  Missile Turret  
  115  8:57  Barracks  
  115  9:04  Marine x2  
  117  9:13  Missile Turret, Supply Depot  
  117  9:14  Supply Depot  
  117  9:15  Marauder  
  117  9:16  Supply Depot  
  116  9:18  Supply Depot  
  116  9:22  Marine  
  117  9:35  Siege Tank  
  117  9:36  Marine  
  117  9:37  Barracks Tech Lab x2, Marauder, Command Center, Supply Depot  
  124  9:39  Factory Tech Lab, Supply Depot  
  124  9:42  Combat Shield  
  123  9:49  Barracks Reactor, Barracks Tech Lab, Marine  
  124  9:53  Marine  
  124  9:56  SCV x2  
  124  9:57  SCV  
  124  9:58  Marauder  
  130  10:04  Refinery  
  130  10:06  Refinery  
  130  10:07  Marine, Sensor Tower, Siege Tank  
  133  10:08  SCV  
  133  10:09  SCV x2  
  133  10:11  Marine  
  138  10:19  Marauder, Viking  
  138  10:20  SCV  
  143  10:21  Missile Turret  
  143  10:22  Starport  
  143  10:24  Sensor Tower, Missile Turret  
  143  10:41  Marauder  
  145  10:49  Viking  
  145  10:50  Marauder x3  
  145  10:51  Marine x4  
  145  10:53  Concussive Shells  
  155  11:02  Marauder  
  118  11:11  Marauder  
  118  11:12  Marauder x2  
  118  11:14  Marine x4  
  118  11:16  Siege Tank  
  118  11:17  Siege Tank  
  119  11:23  Marauder  
  116  11:32  Marine x4  
  111  11:33  Marauder x3  
  108  11:45  Marauder  
  105  11:48  Siege Tank  
  105  11:50  Marine x4, Siege Tank  
  102  11:54  Marauder x3  
  102  11:59  Orbital Command  
  101  12:06  Marauder  
  95  12:16  Marauder x3  
  95  12:18  Marine x4  
  95  12:20  Siege Tank  
  106  12:28  Marauder  
  108  12:31  SCV, Command Center  
  108  12:32  SCV x2  
  108  12:35  Marine x2  
  108  12:36  Marine  
  116  12:37  Marauder x3  
  116  12:44  SCV x3  
  123  12:45  Medivac  
  123  12:46  Medivac  
  123  12:49  Marauder  
  129  12:55  Command Center  
  129  12:56  SCV x2  
  133  12:58  Marauder  
  133  12:59  Marauder x2  
  133  13:02  SCV  
  138  13:08  SCV x2  
  138  13:10  Marauder  
  142  13:14  SCV  
  142  13:15  Medivac  
  142  13:16  Medivac  
  142  13:19  Sensor Tower  
  149  13:20  Marauder x2  
  149  13:25  Marauder, Marine x2  
  155  13:32  Marauder  
  131  13:39  Marine x2  
  123  13:41  Marauder x2  
  123  13:43  Marine  
  123  13:45  Medivac  
  123  13:46  Marauder, Medivac  
  132  13:49  Marine  
  132  13:51  Siege Tank x2  
  132  13:53  Marauder  
  141  13:57  Marine x2  
  141  14:01  Marine  
  148  14:02  Marauder  
  148  14:03  Marauder  
  148  14:07  Marine  
  148  14:08  Marauder  
  149  14:15  Marauder, Medivac  
  149  14:16  Medivac  
  151  14:28  Siege Tank x2  
  107  14:46  Marauder x4, Marine x2  
  107  14:47  Planetary Fortress  
  107  14:48  Planetary Fortress  
  115  14:53  Refinery  
  115  14:58  SCV x3  
  118  15:00  Siege Tank  
  118  15:04  Sensor Tower  
  121  15:07  Marauder  
  121  15:10  SCV x2, Siege Tank  
  120  15:30  Terran Infantry Armor Level 2  
  120  15:31  Terran Infantry Weapons Level 2  
  120  15:33  Siege Tank  
  116  15:45  SCV x4  
  116  15:49  Refinery  
  120  15:50  Refinery  
  120  15:53  Sensor Tower  
  120  15:55  Marauder  
  120  15:56  Marauder x3  
  120  15:57  SCV x4, Marine x4  
  136  16:09  SCV x3  
  136  16:10  SCV  
  140  16:14  Marine  
  140  16:15  Marine x3  
  140  16:17  Marauder x4, Siege Tank  
  140  16:18  Siege Tank  
  158  16:19  Medivac  
  158  16:20  Medivac  
  162  16:25  Terran Vehicle And Ship Armor Level 1  
  162  16:32  Marine  
  162  16:33  Marine x2  
  162  16:38  Marauder x3  
  162  16:39  Marauder  
  173  16:44  Command Center  
  173  16:49  Medivac, Siege Tank  
  178  17:00  Marauder x4  
  186  17:07  Marine  
  187  17:19  Supply Depot x3  
  187  17:20  Supply Depot x3  
  187  17:21  Supply Depot x2  
  187  17:22  Supply Depot x2  
  187  17:23  Supply Depot  
  187  17:24  Supply Depot  
  187  17:25  Refinery  
  187  17:27  Refinery  
  187  17:40  Marine x4  
  187  17:41  Marauder x4  
  199  17:58  Marine  
Show
View Real Time Build Order
Export as new Build Order

stimk Zerg 

Build Orders: Hatch First 

Get SALT Encoding   

  12  0:01  Drone  
  13  0:08  Drone  
  14  0:16  Overlord  
  14  0:22  Extractor  
  14  0:23  Drone  
  15  0:35  Drone x2  
  17  0:55  Hatchery  
  16  0:58  Drone  
  16  1:01  Extractor  
  16  1:06  Drone  
  17  1:11  Drone  
  18  1:26  Drone  
  18  1:30  Spawning Pool  
  18  1:31  Drone  
  19  1:36  Extractor  
  18  1:48  Drone  
  19  2:01  Drone  
  20  2:05  Drone  
  20  2:07  Hatchery  
  20  2:09  Overlord  
  20  2:16  Drone  
  20  2:20  Queen  
  23  2:32  Roach Warren  
  23  2:33  Zergling x2  
  23  2:36  Zergling x2  
  24  2:37  Drone  
  24  2:44  Zergling x2  
  25  2:57  Zergling x2  
  24  3:00  Drone  
  24  3:01  Drone x2, Queen  
  29  3:06  Drone  
  29  3:07  Drone  
  31  3:13  Overlord  
  31  3:23  Drone  
  32  3:31  Drone x4  
  35  3:39  Queen  
  37  3:42  Overlord  
  37  3:53  Drone x2  
  37  3:54  Drone  
  37  3:55  Spore Crawler  
  39  4:02  Drone x4  
  43  4:15  Drone  
  44  4:21  Lair  
  44  4:22  Drone x3  
  44  4:23  Drone x2  
  49  4:30  Extractor  
  48  4:33  Drone x2, Extractor  
  49  4:44  Drone x5  
  49  4:45  Drone  
  55  4:54  Drone x3  
  58  5:00  Overlord  
  58  5:01  Overlord  
  58  5:05  Overlord  
  58  5:10  Hatchery  
  57  5:17  Overlord  
  57  5:18  Glial Reconstitution  
  57  5:20  Overseer  
  57  5:25  Evolution Chamber  
  56  5:29  Metabolic Boost, Spore Crawler  
  56  5:34  Roach  
  56  5:35  Roach x3  
  63  5:38  Overlord x2  
  63  5:40  Drone x3  
  66  5:59  Spore Crawler  
  66  6:01  Drone x3  
  66  6:02  Drone  
  69  6:05  Extractor  
  69  6:09  Extractor, Zerg Ground Armor Level 1  
  69  6:11  Roach x4  
  69  6:12  Overlord, Roach x2  
  79  6:19  Roach x2  
  83  6:34  Drone  
  83  6:35  Drone x5  
  83  6:36  Drone  
  90  6:41  Hydralisk Den  
  90  6:42  Roach x6  
  99  7:10  Hydralisk  
  99  7:11  Hydralisk x6  
  113  7:16  Overseer  
  113  7:20  Muscular Augments  
  113  7:27  Overlord x3  
  113  7:43  Drone x2  
  115  7:54  Roach  
  115  7:55  Hydralisk x3, Roach x4  
  115  7:56  Roach x2  
  115  7:58  Ravager x2  
  137  8:00  Overlord x2  
  136  8:23  Hydralisk  
  136  8:24  Hydralisk x7  
  152  8:36  Drone x4  
  152  8:38  Roach  
  158  8:42  Overlord  
  158  8:43  Overlord x2  
  158  8:54  Pneumatized Carapace  
  158  8:56  Zerg Missile Weapons Level 1  
  158  8:57  Hatchery  
  158  9:01  Evolution Chamber  
  156  9:23  Hydralisk  
  156  9:24  Hydralisk, Roach x3  
  162  9:25  Ravager x4  
  162  9:26  Ravager x2  
  162  9:29  Hatchery  
  162  9:30  Drone x3  
  174  9:36  Extractor  
  174  9:38  Extractor  
  172  9:40  Drone x3  
  172  9:41  Drone x3  
  172  9:42  Spore Crawler  
  172  9:43  Spore Crawler, Roach x3  
  182  9:47  Overseer  
  182  9:57  Infestation Pit  
  181  10:09  Roach  
  181  10:11  Overlord x5  
  183  10:28  Hydralisk x2  
  183  10:29  Roach x2  
  183  10:34  Hydralisk, Roach x3  
  199  10:37  Zerg Ground Armor Level 2  
  199  10:40  Grooved Spines  
  199  10:46  Overlord x2  
  185  11:08  Hydralisk, Roach  
  185  11:09  Hydralisk x2, Roach x5  
  185  11:10  Roach  
  175  11:20  Roach x4  
  150  11:42  Hydralisk x4, Roach x3  
  150  11:43  Roach x2  
  162  11:49  Zerg Missile Weapons Level 2  
  99  12:09  Hydralisk x2, Roach x3  
  97  12:16  Queen  
  97  12:18  Drone x2  
  97  12:20  Hydralisk x3, Roach x2  
  97  12:21  Hydralisk x2, Roach x4  
  123  12:25  Queen  
  125  12:32  Hive  
  125  12:33  Hydralisk, Roach  
  125  12:34  Hydralisk x3, Roach x3  
  125  12:35  Roach x2  
  145  12:39  Ravager x2  
  147  12:50  Drone x2  
  147  12:51  Drone x2  
  151  12:52  Drone  
  151  12:54  Hydralisk x3, Roach x2  
  151  12:55  Roach  
  164  12:58  Roach  
  164  12:59  Roach x4  
  174  13:07  Roach x5  
  174  13:10  Hydralisk x2, Roach  
  174  13:11  Roach  
  192  13:16  Zerg Melee Weapons Level 1  
  118  13:42  Hydralisk x3, Roach x5  
  118  13:43  Hydralisk x2, Roach x2  
  118  13:44  Roach x4  
  118  13:47  Roach x2  
  150  13:54  Roach x4  
  156  14:07  Roach x5  
  164  14:15  Roach x3  
  164  14:20  Roach x2  
  139  14:35  Roach x4  
  139  14:38  Roach  
  119  14:48  Hydralisk, Viper, Roach x3  
  130  14:56  Hatchery  
  130  14:58  Roach x3  
  135  15:00  Queen  
  137  15:10  Hatchery  
  137  15:13  Roach x3  
  124  15:26  Drone, Roach x3  
  119  15:34  Roach x3  
  113  15:59  Viper x3  
  113  16:01  Roach x5  
  132  16:05  Roach x2  
  132  16:09  Queen  
  138  16:16  Roach x2  
  138  16:17  Viper x2, Roach  
  138  16:18  Hydralisk  
  152  16:43  Drone x4  
  152  16:46  Roach  
  152  16:47  Roach x10  
  178  17:07  Roach  
  178  17:08  Roach x10  
  200  17:13  Overlord  
  200  17:25  Extractor  
  200  17:26  Extractor  
  157  18:15  Hatchery  
  157  18:18  Roach x7  
  157  18:19  Roach x4  
  112  18:29  Roach x3  
Tags
 
Matchup
TvZ
Replay Pack
Multiplayer
Spawn Locations
Cross Positions
Add a new tag
Caveats
  • Supply blocks, unpowered buildings, or Contaminate may cause inaccurate times.
  • Supply counts are checked every 10 seconds.